 Dungeon Crawl Stone Soup version 0.19.0-16-g73b5abf (webtiles) character file.

266 Gargoyl the Unweaver (level 6, -11/48 HPs)
             Began as a Demonspawn Abyssal Knight on Nov 11, 2016.
             Was a Follower of Lugonu.
             Mangled by an orc warrior
             ... wielding a +0 war axe
              (14 damage)
             ... on level 4 of the Dungeon.
             The game lasted 00:03:21 (2014 turns).

Gargoyl the Unweaver (Demonspawn Abyssal Knight)    Turns: 2014, Time: 00:03:22

Health: -11/48     AC: 11    Str: 15    XL:     6   Next: 0%
Magic:  7/9        EV:  9    Int: 13    God:    Lugonu [*.....]
Gold:   36         SH:  0    Dex: 12    Spells: 0 memorised, 5 levels left

rFire  . . .     SeeInvis .     a - +2 hand axe
rCold  + . .     Gourm    .     j - +0 chain mail
rNeg   . . .     Faith    .     (no shield)
rPois  .         Spirit   .     (helmet restricted)
rElec  .         Reflect  .     f - +0 cloak (curse)
rCorr  .         Harm     .     (no gloves)
MR     .....                    d - +0 pair of boots
Stlth  ..........               (no amulet)
                                (no ring)
                                (no ring)

@: lethally poisoned (-11 -> -15), slowed, very slow
A: antennae 1, cold resistance 1, spiny 1, sturdy frame 2
a: Depart the Abyss, Renounce Religion


You were on level 4 of the Dungeon.
You worshipped Lugonu.
Lugonu was aware of your devotion.
You were not hungry.

You visited 1 branch of the dungeon, and saw 5 of its levels.
You visited the Abyss 1 time.

You collected 36 gold pieces.

Inventory:

Hand Weapons
 a - a +2 hand axe (weapon)
Armour
 d - a +0 pair of boots (worn)
 f - a cursed +0 cloak (worn)
 j - a +0 chain mail (worn)
Wands
 b - a wand of acid (6/15)
Comestibles
 c - 4 chunks of flesh


   Skills:
 + Level 3.8 Fighting
 + Level 3.2 Axes
 * Level 3.5 Armour
 + Level 1.3 Dodging
 * Level 4.2 Invocations


You had 5 spell levels left.
You didn't know any spells.

Dungeon Overview and Level Annotations

Branches:
Dungeon (6/15)
 Temple: D:4-7

Altars:


Innate Abilities, Weirdness & Mutations

You have a pair of small antennae on your head.
Your flesh is cold resistant. (rC+)
You are partially covered in sharp spines.
Your movements are less encumbered by armour. (ER -4)


Message History

Lugonu accepts your kill.
You have reached level 6!
Your experience leads to an increase in your attributes!
Increase (S)trength, (I)ntelligence, or (D)exterity?
You feel stronger.
Your demonic ancestry asserts itself...
You feel resistant to cold.
You hit the orc wizard.
* * * LOW HITPOINT WARNING * * *
You feel sick. The orc warrior completely misses you.
The orc hits you but does no damage. The orc wizard casts a spell at you.
You feel yourself slow down.
You aren't carrying any potions.
You closely miss the orc wizard.
The orc wizard is almost dead.
You hit the orc warrior but do no damage.
* * * LOW HITPOINT WARNING * * *
You feel sick.
The orc warrior hits you with a war axe!
You die...

,,* ****,,,,,,,,,,#(# ,,*
*,,.....#*,**,*,*
,,********,,,....#*,,,,,,*
,,,,,,,,,,,,,....#****,***
**********,,,,...# *,*
*****#..# *,*******
*******######.o####*,,,,,,,*
*,,,,,,......oo...#*,*****,*
*,,,,,,......o@...#*******,**
*,,,,,,...........#,,,,,,,,,*
*,,,,,,...........#,*********
***,,,,,,...........#,*,,,,,,,*
,,,,,,,,,...........#,*,*****,*
***,,,,,,...........#,*,* *,*
*******#..........#,*,* *,*
#..........#,*<* *,*
*****,*,****,*******,*


You could see an orc warrior, an orc wizard and 2 orcs.

Vanquished Creatures
  An ogre (D:6)
  A centaur (D:4)
  A howler monkey (D:4)
  A worker ant (D:6)
  An ooze (D:1)
  3 dart slugs (D:1)
  An orc (D:6)
  A ball python (D:1)
  5 goblins (D:1)
  8 hobgoblins (D:1)
  4 bats (D:1)
  6 frilled lizards (D:1)
  3 kobolds
  5 rats (D:1)
41 creatures vanquished.

Notes
Turn   | Place    | Note
-------+----------+-------------------------------------------
     0 | Abyss:1  | Gargoyl the Demonspawn Abyssal Knight began the quest for the Orb.
     0 | Abyss:1  | Reached XP level 1. HP: 18/18 MP: 2/2
    42 | Abyss:1  | Noticed a small abomination
    44 | Abyss:1  | Noticed a large abomination
    49 | D:1      | Escaped the Abyss
   549 | D:1      | Gained mutation: Your movements are slightly less encumbered by armour. (ER -2) [demonic ancestry]
   549 | D:1      | Reached XP level 2. HP: 17/24 MP: 4/4
   662 | D:1      | Reached * piety under Lugonu
   711 | D:1      | Reached skill level 1 in Dodging
   856 | D:1      | Reached skill level 3 in Invocations
   984 | D:1      | Gained mutation: You are partially covered in sharp spines. [demonic ancestry]
   984 | D:1      | Reached XP level 3. HP: 29/29 MP: 5/5
  1318 | D:2      | You fall through a shaft for 2 floors!
  1346 | D:4      | You fall through a shaft for 2 floors!
  1393 | D:6      | Gained mutation: Your movements are less encumbered by armour. (ER -4) [demonic ancestry]
  1393 | D:6      | Reached XP level 4. HP: 14/35 MP: 6/6
  1964 | D:6      | Noticed an ogre
  1966 | D:6      | Killed an ogre
  1966 | D:6      | Gained mutation: You have a pair of small antennae on your head. [demonic ancestry]
  1966 | D:6      | Reached XP level 5. HP: 41/41 MP: 7/7
  1988 | D:5      | Entered Level 5 of the Dungeon
  2006 | D:4      | Noticed a centaur
  2007 | D:4      | Noticed an orc warrior
  2012 | D:4      | Killed a centaur
  2012 | D:4      | Reached skill level 4 in Invocations
  2013 | D:4      | Gained mutation: Your flesh is cold resistant. (rC+) [demonic ancestry]
  2013 | D:4      | Reached XP level 6. HP: 4/48 MP: 7/9
  2014 | D:4      | Mangled by an orc warrior

Skill      XL: |  1  2  3  4  5 |
---------------+----------------+-----
Armour         | 2 3 |  3.5
Axes           | 2 3 |  3.2
Dodging        | 1 |  1.3
Invocations    | 3 4 |  4.2
Fighting       | |  3.8

Action                   |  1- 3 |  4- 6 || total
-------------------------+-------+-------++-------
Melee: Hand axe          |   111 |    12 ||   123
Invok: Depart the Abyss  |     1 |       ||     1
Evoke: Wand              |       |     2 ||     2
  Use: Potion            |       |     2 ||     2
       Scroll            |       |     3 ||     3
  Eat: Chunk             |     1 |       ||     1
       Bread ration      |       |     1 ||     1
Armor: Leather armour    |    15 |       ||    15
       Chain mail        |    24 |    12 ||    36
Dodge: Dodged            |    64 |    11 ||    75
